 Dungeon Crawl Stone Soup version 0.31.0-11-ge490571c62 (webtiles) character file.

Game seed: 17940794533316046639

53 protoss039 the Digger (level 3, -2/26 HPs)
             Began as a Demonspawn Earth Elementalist on Jan 28, 2024.
             Slain by Grinder (3 damage)
             ... on level 3 of the Dungeon.
             The game lasted 00:02:41 (1466 turns).

protoss039 the Digger (DsEE)                        Turns: 1466, Time: 00:02:41

Health: -2/26      AC:  5    Str:  8    XL:     3   Next: 64%
Magic:  4/6        EV:  9    Int: 17    God:
Gold:   103        SH:  4    Dex: 13    Spells: 5/6 levels left

rFire   . . .        e - +0 dagger
rCold   + . .        l - +0 buckler
rNeg    . . .        h - +0 ring mail
rPois   .            (no helmet)
rElec   .            (no cloak)
rCorr   .            (no gloves)
SInv    .            (no boots)
Will    .....        (no amulet)
Stlth   +            j - ring of protection from cold
HPRegen 0.24/turn    (no ring)
MPRegen 0.10/turn

%: no passive effects
@: very slightly contaminated
A: powered by pain 1
a: no special abilities


You were on level 3 of the Dungeon.
You visited 1 branch of the dungeon, and saw 3 of its levels.

You collected 103 gold pieces.

Inventory:

Hand Weapons
 e - a +0 dagger (weapon)
Armour
 h - a +0 ring mail (worn)
 l - a +0 buckler (worn)
Magical Staves
 i - a staff of death
Jewellery
 j - a ring of protection from cold (left hand)
Scrolls
 c - a scroll of immolation {unknown}
Potions
 b - a potion of magic
 d - a potion of lignification {unknown}
 f - a potion of invisibility {unknown}
 g - a potion of enlightenment {unknown}
 k - 2 potions of haste {unknown}


   Skills:
 + Level 1.5 Fighting
 * Level 1.2 Armour
 - Level 1.7 Dodging
 - Level 1.7 Stealth
 + Level 2.4 Spellcasting
 - Level 1.0 Conjurations
 + Level 3.1 Earth Magic


You had 5 spell levels left.
You knew the following spells:

 Your Spells              Type           Power      Damage    Failure   Level
a - Sandblast             Erth           24%        2d8       26%         1

Your spell library contained the following spells:

 Spells                   Type           Power      Damage    Failure   Level
 Kiss of Death            Conj/Necr      12%        2d6       58%         1
 Passwall                 Erth           12%        N/A       58%         3
 Stone Arrow              Conj/Erth      18%        3d8       75%         3
 Lesser Beckoning         Tloc           4%         N/A       80%         2
 Mercury Vapours          Alch/Air       4%         N/A       80%         2
 Scorch                   Fire           4%         2d5       80%         2
 Dazzling Flash           Conj/Hex       6%         N/A       92%         3
 Mephitic Cloud           Conj/Alch/Air  3%         N/A       94%         3
 Confusing Touch          Hex            2%         N/A       95%         3
 Gell's Gravitas          Tloc           2%         N/A       95%         3
 Teleport Other           Tloc           2%         N/A       95%         3
 Brom's Barrelling Bould  Conj/Erth      9%         2d3       98%         4
 Petrify                  Alch/Erth      7%         N/A       99%         4
 Dispel Undead            Necr           2%         3d7       100%        4
 Flame Wave               Conj/Fire      3%         2d5       100%        4
 Vhi's Electric Charge    Tloc/Air       4%         N/A       100%        4
 Arcjolt                  Conj/Air       1%         1d11      100%        5
 Curse of Agony           Necr           2%         N/A       100%        5
 Freezing Cloud           Conj/Ice/Air   1%         6-21      100%        5
 Silence                  Hex/Air        1%         N/A       100%        5
 Summon Cactus Giant      Summ           1%         N/A       100%        6
 Maxwell's Capacitive Co  Air            1%         ∞         100%        8


Dungeon Overview and Level Annotations

Branches:
Dungeon (3/15)

Altars:

Annotations:
D:3 Grinder


Innate Abilities, Weirdness & Mutations

You sometimes gain a little power by taking damage.


Message History

You hit the ball python.
The ball python is severely wounded.
Grinder blinks!
The ball python bites you but does no damage.
The ball python grabs you. The ball python constricts you.
There are monsters nearby!
You hit the ball python.
You kill the ball python!
Grinder is nearby!
You hit Grinder but do no damage. Grinder hits you.
You writhe in agony.
You barely miss Grinder.
Grinder blinks!
You hit Grinder but do no damage.
Grinder grins, showing sharp teeth.
Grinder barely misses you.
You hit Grinder but do no damage. Grinder hits you.
You hit Grinder.
Grinder is lightly wounded.
Grinder gestures at you. You resist with significant effort.
Casting: Sandblast (safe; 26% risk of failure)
Confirm with . or Enter, or press ? or * to list all spells.
Aiming: Sandblast (safe; 26% risk of failure)
Press: ? - help, Shift-Dir - straight line, f - Grinder
Aim: Grinder (lightly wounded, 80% to hit)
You miscast Sandblast.
You are very lightly contaminated with residual magic.
Nothing appears to happen.
Grinder hits you but does no damage.
Unknown command.
Casting: Sandblast (safe; 26% risk of failure)
Confirm with . or Enter, or press ? or * to list all spells.
Aiming: Sandblast (safe; 26% risk of failure)
Press: ? - help, Shift-Dir - straight line, f/p - Grinder
Aim: Grinder (lightly wounded, 80% to hit)
The blast of sand hits Grinder.
Grinder is lightly wounded.
Grinder hits you!
You writhe in agony.
Grinder hits you!
* * * LOW HITPOINT WARNING * * *
You writhe in agony.
You die...
Grinder sighs, "Dead already?
I want a refund."

#.......###
....)..+.#
#......#.#
+........#
#........# #.#
+........# #.#
#....†...# #.#
+...@5###### #.#
#.....#≈~≈≈# #.#
#.#+#'#~≈~≈# #.# ..
#.'≈~≈~+ #.# ##
#.#~≈~≈# #.#
#.#≈~≈≈#
##.#########.######
#.<..........#
#######...####


You could see Grinder.

Vanquished Creatures
  2 adders (D:2)
  A dart slug (D:2)
  A ribbon worm (D:2)
  4 endoplasms
  3 giant cockroaches
  3 goblins
  4 hobgoblins
  A quokka (D:1)
  3 ball pythons
  A bat (D:2)
  3 kobolds
  5 rats
31 creatures vanquished.

Notes
Turn   | Place    | Note
-------+----------+-------------------------------------------
     0 | D:1      | protoss039 the Demonspawn Earth Elementalist began the
                  | quest for the Orb.
     0 | D:1      | Reached XP level 1. HP: 13/13 MP: 3/3
   374 | D:1      | Gained mutation: You sometimes gain a little power by
                  | taking damage. [demonic ancestry]
   374 | D:1      | Reached XP level 2. HP: 20/20 MP: 3/5
   623 | D:2      | Reached skill level 1 in Fighting
   623 | D:2      | Reached skill level 3 in Earth Magic
   775 | D:2      | Reached XP level 3. HP: 23/26 MP: 3/6
   858 | D:2      | Reached skill level 1 in Armour
  1456 | D:3      | Noticed Grinder
  1466 | D:3      | HP: 1/26 [Grinder (7)]
  1466 | D:3      | Slain by Grinder

Illustrated notes

Levels and vault maps discovered:
D:1:      minmay_arrival_nine_rooms, layout_rooms
D:2:      layout_loops_cross
D:3:      layout_basic, serial_rivers, chequers_serial_rivers_room_b,
          chequers_serial_rivers_micro_c, chequers_serial_rivers_micro_a,
          chequers_serial_rivers_micro_b, chequers_serial_rivers_small_a,
          minmay_misc_feat_nine_boxes, chequers_serial_rivers_marsh,
          supply_closet_lemuel, kennysheep_nondescript, uniq_grinder

Skill      XL: |  1  2  3 |
---------------+----------+-----
Fighting       | 1 |  1.5
Earth Magic    | 3 |  3.1
Armour         | 1 |  1.2
Dodging        | |  1.7
Stealth        | |  1.7
Spellcasting   | |  2.4
Conjurations   | |  1.0

Action                     || total
---------------------------++-------
  Melee: Unarmed           ||     3
         Dagger            ||    69
   Cast: Sandblast         ||    32
   Stab: Sleeping          ||     1
 Armour: Robe              ||     7
         Ring mail         ||    59
  Dodge: Dodged            ||    44
  Block: Buckler           ||     1
